 Dungeon Crawl Stone Soup version 0.29.1-1-gd02db6906a (webtiles) character file.

Game seed: 10575542230060639624

1577 sankara the Cleaver (level 8, 0/73 HPs)
             Began as a Minotaur Fighter on Oct 14, 2022.
             Was a Believer of Makhleb.
             Engulfed by a steam dragon's steam (4 damage)
             ... on level 6 of the Dungeon.
             The game lasted 00:10:09 (5988 turns).

sankara the Cleaver (Minotaur Fighter)              Turns: 5988, Time: 00:10:10

Health: 0/73       AC: 15    Str: 26    XL:     8   Next: 60%
Magic:  16/16      EV:  7    Int:  5    God:    Makhleb [**....]
Gold:   286        SH:  5    Dex: 13    Spells: 7/7 levels left

rFire   . . .      SeeInvis .   a - +1 war axe
rCold   . . .      Faith    .   c - +0 buckler
rNeg    . . .      Spirit   .   g - +0 plate armour
rPois   .          Reflect  .   (helmet restricted)
rElec   .          Harm     .   C - +0 cloak
rCorr   .          Rampage  .   (no gloves)
Will    .....                   A - +0 pair of boots
Stlth   ..........              w - amulet of magic regeneration
HPRegen 0.22/turn               o - +6 ring of strength
MPRegen 0.55/turn               m - ring of magical power

@: no status effects
A: horns 2, retaliatory headbutt
a: Renounce Religion, Minor Destruction


You were on level 6 of the Dungeon.
You worshipped Makhleb.
Makhleb was pleased with you.
You visited 2 branches of the dungeon, and saw 7 of its levels.

You collected 286 gold pieces.

Inventory:

Hand Weapons
 a - a +1 war axe (weapon)
Missiles
 b - 29 stones
 i - 7 poisoned darts
 n - 6 javelins (quivered)
Armour
 c - a +0 buckler (worn)
 g - a +0 plate armour (worn)
 A - a +0 pair of boots (worn)
 C - a +0 cloak (worn)
Jewellery
 m - a ring of magical power (right hand)
 o - a +6 ring of strength (left hand)
 w - an amulet of magic regeneration (around neck)
Wands
 j - a wand of flame (23)
 s - a wand of charming (6)
 y - a wand of digging (7)
Scrolls
 d - a scroll of magic mapping
 f - a scroll of silence
 l - 2 scrolls of identify
Potions
 e - 3 potions of brilliance
 h - 2 potions of might
 k - 2 potions of degeneration
 r - a potion of heal wounds
 u - a potion of ambrosia
 v - a potion of berserk rage
 x - a potion of lignification
 z - a potion of attraction
 B - a potion of flight
 D - a potion of haste {unknown}


   Skills:
 + Level 7.0 Fighting
 * Level 8.9 Axes
 + Level 7.0 Armour
 - Level 5.0 Shields
 + Level 2.3 Evocations


You had 7 spell levels left.
You didn't know any spells.
Your spell library contained the following spells:

 Spells                   Type           Power      Damage    Failure   Level
 Confusing Touch          Hex            0%         N/A       100%        3
 Airstrike                Air            0%         2d(0-16)  100%        4
 Summon Lightning Spire   Summ/Air       0%         N/A       100%        4
 Lightning Bolt           Conj/Air       0%         1d11      100%        5
 Yara's Violent Unravell  Hex/Tmut       0%         3d3       100%        5
 Enfeeble                 Hex            0%         N/A       100%        7


Dungeon Overview and Level Annotations

Branches:
Dungeon (6/15)             Temple (1/1) D:4

Altars:
Ashenzari
Dithmenos
Fedhas
Gozag
Hepliaklqana
Kikubaaqudgha
Makhleb
Qazlal
Ru
Sif Muna
Uskayaw
Vehumet
Wu Jian
Xom
Yredelemnul
Zin
The Shining One

Annotations:
D:5 2 transporters, Turgon's ghost, novice MeTm


Innate Abilities, Weirdness & Mutations

You have a pair of horns on your head.
You reflexively headbutt those who attack you in melee.


Message History

The centaur kicks you but does no damage.
The orc priest calls down the wrath of Beogh upon you.
Beogh smites you! The steam dragon breathes steam at you.
The ball of steam misses you. You block the orc warrior's attack.
The centaur barely misses you.
The centaur kicks you but does no damage.
Unknown command.
Unknown command.
Unknown command.
Unknown command.
The centaur hits you but does no damage.
You block the centaur's attack.
The orc wizard casts a spell.
The orc wizard flickers and vanishes!
Deactivating autopickup; reactivate with Ctrl-A.
The orc warrior hits you but does no damage.
The steam dragon breathes steam at you.
The ball of steam hits you but does no damage.
Things that are here:
a +0 dagger; 21 gold pieces The centaur attacks as you move away!
The centaur hits you but does no damage.
The centaur kicks you but does no damage.
The centaur is engulfed in a cloud of scalding steam.
The centaur wields a +3 shortbow of freezing.
It is covered in frost.
The centaur shoots an arrow.
The arrow hits you!
* * * LOW HITPOINT WARNING * * *
The arrow freezes you.
* * * LOW HITPOINT WARNING * * *
The centaur is engulfed in a cloud of scalding steam.
Unknown command.
You barely miss the steam dragon. Your headbutt misses the steam dragon.
The steam dragon is almost dead.
You slash the centaur!
You kill the centaur!
Makhleb accepts your kill.
You can now harness Makhleb's destructive might.
You are engulfed in a cloud of scalding steam.
You die...

######........#
#+# #
#........#
#........#
#........#
#........#
####.##### .
##.## ...
#.§§#######....
#....§@D§oo....
#..§...§§o{....
#..#######o....
#..# .... #..#
#.# #..# # #..#
...


You could see a steam dragon, an orc warrior, an orc priest, an orc wizard and
an orc.

Vanquished Creatures
  2 black bears (D:6)
  An ice beast (D:3)
  2 ogres
  2 centaurs
  A scorpion (D:5)
  An oklob sapling (D:4)
  A howler monkey (D:5)
  4 hounds
  2 gnoll boudas
  4 orc priests
  2 jellies
  Crazy Yiuf (D:4)
  2 iguanas
  4 orc wizards
  Terence (D:3)
  9 adders
  18 gnolls
  2 worms
  18 orcs
  5 ball pythons
  4 endoplasms
  2 giant cockroaches (D:2)
  5 goblins
  2 hobgoblins
  10 jackals
  3 quokkas
  3 bats
  6 frilled lizards
  9 kobolds
  7 rats
133 creatures vanquished.

Vanquished Creatures (others)
  A gnoll (D:4)
  21 plants
22 creatures vanquished.

Grand Total: 155 creatures vanquished

Notes
Turn   | Place    | Note
-------+----------+-------------------------------------------
     0 | D:1      | sankara the Minotaur Fighter began the quest for the Orb.
     0 | D:1      | Reached XP level 1. HP: 19/19 MP: 0/0
   441 | D:1      | Reached XP level 2. HP: 27/27 MP: 1/1
   611 | D:1      | Reached skill level 3 in Axes
   993 | D:1      | Found a faded altar of an unknown god.
  1098 | D:2      | Reached XP level 3. HP: 32/33 MP: 2/2
  1771 | D:3      | Noticed Terence
  1778 | D:3      | Killed Terence
  1779 | D:3      | Reached XP level 4. HP: 22/40 MP: 3/3
  2070 | D:3      | Reached skill level 4 in Axes
  2296 | D:3      | Noticed an ice beast
  2303 | D:3      | Killed an ice beast
  2304 | D:3      | Reached XP level 5. HP: 47/47 MP: 4/4
  2540 | D:4      | Found an opulent altar of Gozag.
  2689 | D:4      | Reached skill level 5 in Axes
  2707 | D:4      | Reached XP level 6. HP: 19/55 MP: 5/5
  2957 | D:4      | Found a burning altar of Makhleb.
  2963 | D:4      | Reached skill level 5 in Fighting
  2963 | D:4      | Reached skill level 5 in Armour
  2968 | D:4      | Became a worshipper of Makhleb the Destroyer
  3190 | D:4      | Reached skill level 5 in Shields
  3324 | D:4      | Reached skill level 6 in Axes
  3632 | D:4      | Found a staircase to the Ecumenical Temple.
  3657 | D:4      | Reached XP level 7. HP: 51/61 MP: 6/6
  3659 | Temple   | Entered the Ecumenical Temple
  3888 | D:4      | Found a runed translucent door.
  3889 | D:4      | Noticed Crazy Yiuf
  3894 | D:4      | Killed Crazy Yiuf
  3994 | D:5      | Entered Level 5 of the Dungeon
  4076 | D:5      | Reached skill level 7 in Axes
  4400 | D:5      | Found a basalt altar of Yredelemnul.
  4415 | D:5      | Found a transporter.
  4467 | D:5      | Identified the +2 robe of Apathy {Drain rN++ Will+}
  4661 | D:5      | Reached * piety under Makhleb
  4667 | D:5      | Reached XP level 8. HP: 42/71 MP: 7/7
  4668 | D:5      | Reached skill level 1 in Evocations
  4889 | D:5      | Noticed Turgon's ghost (novice MeTm)
  4891 | D:5      | Found a transporter.
  5053 | D:5      | Reached skill level 8 in Axes
  5817 | D:6      | Found a sacrificial altar of Ru.
  5821 | D:6      | Found a shadowy altar of Dithmenos.
  5988 | D:6      | Reached ** piety under Makhleb
  5988 | D:6      | Engulfed by a steam dragon's steam

Illustrated notes

Levels and vault maps discovered:
D:1:      moated_graveyard_arrival, layout_basic,
          hellmonk_ecumenical_altar_leap_of_faith
D:2:      layout_basic
D:3:      layout_loops_ring, uniq_terence
D:4:      layout_basic, mainiacjoe_overflow_cross_hatched,
          makhleb_heckhound_becter, minmay_temple_entry_oklob,
          uniq_crazy_yiuf_cottage
D:5:      layout_basic, overflow_temple_1_default, gammafunk_ghost_arena
D:6:      layout_basic, mainiacjoe_overflow_chevrons,
          chequers_temple_overflow_statue_of_worship
Temple:   nicolae_temple_godzebo

Skill      XL: |  1  2  3  4  5  6  7  8 |
---------------+-------------------------+-----
Axes           | 3 4 5 6 7 8 |  8.9
Fighting       | 4 5 6 7 |  7.0
Armour         | 4 5 6 7 |  7.0
Shields        | 4 5 |  5.0
Evocations     | 2 |  2.3

Action                   |  1- 3 |  4- 6 |  7- 9 || total
-------------------------+-------+-------+-------++-------
Melee: War axe           |    98 |   113 |   161 ||   372
       Headbutt          |    11 |    21 |    25 ||    57
Evoke: Wand              |       |     3 |       ||     3
  Use: Scroll            |       |       |    16 ||    16
       Potion            |       |       |     1 ||     1
Armor: Plate armour      |    70 |    66 |   123 ||   259
Dodge: Dodged            |    24 |    28 |    59 ||   111
Block: Buckler           |    30 |    27 |    47 ||   104
